 Dungeon Crawl Stone Soup version 0.30-a0-930-gb9d0489357 (webtiles) character file.

Game seed: 14490725947129522085

33878 Dirtsage the Grappler (level 13, -4/102 HPs)
             Began as a Demonspawn Fighter on Mar 23, 2023.
             Was a High Priest of Makhleb.
             Slain by a yak (12 damage)
             ... on level 5 of the Lair of Beasts.
             The game lasted 00:31:36 (14685 turns).

Dirtsage the Grappler (Demonspawn Fighter)         Turns: 14685, Time: 00:31:37

Health: -4/102     AC: 11    Str: 20    XL:     13   Next: 39%
Magic:  0/28       EV: 14    Int: 10    God:    Makhleb [*****.]
Gold:   972        SH:  6    Dex: 14    Spells: 12/12 levels left

rFire   . . .      SeeInvis .      - Unarmed
rCold   . . .      Faith    .    c - +0 buckler
rNeg    . . .      Spirit   +    x - +0 steam dragon scales
rPois   .          Reflect  .    (helmet restricted)
rElec   .          Rampage  .    B - +0 cloak
rCorr   .                        (no gloves)
Will    .....                    (no boots)
Stlth   +                        M - amulet of guardian spirit
HPRegen 0.37/turn                v - +4 ring of protection
MPRegen 0.21/turn                P - ring of magical power

@: no status effects
A: claws 2, hooves 2, horns 2, demonic guardian 1, powered by pain 1
a: Renounce Religion, Minor Destruction, Lesser Servant of Makhleb, Major
Destruction, Greater Servant of Makhleb


You were on level 5 of the Lair of Beasts.
You worshipped Makhleb.
Makhleb was extremely pleased with you.
You visited 4 branches of the dungeon, and saw 17 of its levels.
You also visited: Sewer.

You collected 972 gold pieces.

Inventory:

Missiles
 m - 7 curare-tipped darts (quivered)
 K - a throwing net
Armour
 c - a +0 buckler (worn)
 x - +0 steam dragon scales (worn)
 B - a +0 cloak (worn)
 Q - a scarf of invisibility
 U - a +0 pair of boots
 V - the +7 plate armour of Pantheism {rN+ Str+2 Dex+6 Slay-4}
   (You found it on level 4 of the Lair of Beasts)

   Str:       It affects your strength (+2).
   Dex:       It affects your dexterity (+6).
   Slay:      It affects your accuracy & damage with ranged weapons and melee
   (-4).
   rN:        It protects you from negative energy.
Magical Staves
 u - a staff of death
 H - a staff of earth
Jewellery
 v - a +4 ring of protection (left claw)
 C - a ring of resist corrosion
 G - an amulet of regeneration
 M - an amulet of guardian spirit (around neck)
 P - a ring of magical power (right claw)
 W - a ring of willpower
Wands
 b - a wand of flame (42)
 n - a wand of paralysis (10)
 o - a wand of quicksilver (15)
 D - a wand of digging (1)
 I - a wand of mindburst (22)
 S - a wand of roots (3)
Scrolls
 h - 3 scrolls of silence
 i - 8 scrolls of identify
 j - 2 scrolls of blinking {unknown}
 k - 2 scrolls of enchant armour
 p - 6 scrolls of fear {unknown}
 t - 4 scrolls of teleportation
 y - 2 scrolls of fog {unknown}
 z - 2 scrolls of immolation {unknown}
 J - 3 scrolls of enchant weapon {unknown}
 L - 2 scrolls of poison {unknown}
 N - 2 scrolls of amnesia {unknown}
 O - a scroll of acquirement {unknown}
 R - a scroll of torment {unknown}
Potions
 a - 2 potions of brilliance {unknown}
 d - 4 potions of might
 e - 5 potions of flight
 f - 2 potions of resistance {unknown}
 g - 2 potions of lignification {unknown}
 l - a potion of heal wounds
 q - 5 potions of curing
 r - 3 potions of haste {unknown}
 s - a potion of ambrosia {unknown}
 w - a potion of berserk rage {unknown}
 A - a potion of cancellation {unknown}
 E - 2 potions of attraction {unknown}
 F - 5 potions of mutation {unknown}
 T - 2 potions of magic {unknown}
 X - 2 potions of degeneration {unknown}
 Y - a potion of invisibility {unknown}


   Skills:
 + Level 9.6 Fighting
 - Level 2.5 Axes
 + Level 6.8 Armour
 + Level 6.0 Dodging
 + Level 6.8 Shields
 * Level 13.2 Unarmed Combat
 + Level 5.3 Transmutations
 + Level 5.4 Earth Magic
 * Level 8.2 Invocations


You had 12 spell levels left.
You didn't know any spells.
Your spell library contained the following spells:

 Spells                   Type           Power      Damage    Failure   Level
 Passwall                 Tmut/Erth      8%         N/A       9%          2
 Apportation              Tloc           0%         N/A       43%         1
 Necrotise                Necr           0%         1d4       43%         1
 Summon Small Mammal      Summ           0%         N/A       43%         1
 Cigotuvi's Dreadful Rot  Necr/Pois/Air  0%         N/A       58%         2
 Lesser Beckoning         Tloc           0%         N/A       58%         2
 Poisonous Vapours        Pois/Air       0%         N/A       58%         2
 Frozen Ramparts          Ice            0%         1d1       82%         3
 Gell's Gravitas          Tloc           0%         N/A       82%         3
 Mephitic Cloud           Conj/Pois/Air  0%         N/A       82%         3
 Ozocubu's Armour         Ice            0%         N/A       82%         3
 Teleport Other           Tloc           0%         N/A       82%         3
 Ice Form                 Ice/Tmut       5%         N/A       85%         4
 Dispel Undead            Necr           0%         3d6       99%         4
 Summon Ice Beast         Ice/Summ       0%         N/A       99%         4
 Death Channel            Necr           0%         N/A       100%        6
 Statue Form              Tmut/Erth      6%         N/A       100%        6


Dungeon Overview and Level Annotations

Branches:
Dungeon (10/15)            Temple (1/1) D:5            Lair (5/5) D:8
  Swamp (0/4) Lair:3       Spider (0/4) Lair:2        Slime (0/5) Lair:5
    Orc (1/2) D:10          Sewer (visited)

Altars:
Ashenzari
Cheibriados
Fedhas
Hepliaklqana
Kikubaaqudgha
Makhleb
Nemelex Xobeh
Okawaru
Qazlal
Ru
Trog
Yredelemnul
Jiyva

Annotations:
D:2 1 runed translucent door, Crazy Yiuf
D:4 1 runed translucent door, Reshi88's ghost, novice FoFi


Innate Abilities, Weirdness & Mutations

You have very sharp fingernails.
You have hoof-like feet.
You have a pair of horns on your head.
A weak demonic guardian rushes to your aid.
You sometimes gain a little power by taking damage.


Message History

You kick the boulder beetle, but do no damage.
You headbutt the boulder beetle, but do no damage.
The boulder beetle is lightly wounded.
Your ice devil hits the yak!
Your ice devil freezes the yak!
The yak dies!
Makhleb accepts your kill. You block the boulder beetle's attack.
You mangle the boulder beetle!!
You kick the boulder beetle, but do no damage.
The boulder beetle is heavily wounded.
Your ice devil barely misses the boulder beetle.
You block the boulder beetle's attack.
The yak gores your ice devil but does no damage.
You claw the boulder beetle!
You headbutt the boulder beetle, but do no damage.
The boulder beetle is severely wounded.
Your ice devil hits the boulder beetle but does no damage.
The boulder beetle bites your ice devil!
The yak gores your ice devil. The yak gores your ice devil!
Your ice devil dies!
Your ice devil disappears in a puff of smoke!
You scratch the boulder beetle but do no damage.
You kick the boulder beetle, but do no damage.
The boulder beetle is severely wounded.
You scratch the boulder beetle.
You kick the boulder beetle, but do no damage.
You headbutt the boulder beetle.
The boulder beetle is severely wounded.
The boulder beetle bites you but does no damage.
You scratch the boulder beetle but do no damage.
You kick the boulder beetle, but do no damage.
The boulder beetle is severely wounded.
The boulder beetle bites you!
* * * LOW HITPOINT WARNING * * *
You take 4 damage, and have 8/102 hp.
You now have 1/28 mp.
You mangle the boulder beetle!!
You kill the boulder beetle!
Makhleb accepts your kill. The yak gores you!
You die...

.........................
..............?.††.......
............#.##.#.".....
......^......#.#.###Y..##
................†####.##
....................#.##
................Y.......
...............Y†Y......
..............@Y......
#.P..#...............
....................
...................
..................
................
..........#.#..
...............


You could see 4 yaks.

Vanquished Creatures
  3 hydras
  Erolcha (D:10)
  A boulder beetle (Lair:5)
  Urug (D:10)
  2 skysharks (Lair:5)
  Pikel (D:6)
  A wolf spider (Lair:5)
  10 elephants
  A black mamba (Lair:3)
  Maurice (D:10)
  6 cane toads
  7 komodo dragons
  2 unseen horrors (D:10)
  5 rime drakes
  Maggie (D:6)
  A troll (D:10)
  5 polar bears
  A hornet (D:8)
  8 blink frogs
  4 dream sheep (Lair:5)
  A culicivora (Lair:2)
  2 wraiths (D:9)
  Sigmund (D:3)
  43 yaks
  3 wyverns
  3 basilisks
  A steam dragon (Lair:3)
  An acid dragon (D:7)
  7 water moccasins
  A sky beast (D:6)
  An ice beast (D:5)
  3 black bears (D:8)
  5 orc warriors
  4 ogres (D:10)
  3 centaurs
  20 wolves
  3 kobold brigands
  4 lemures (D:6)
  9 bullfrogs
  2 scorpions
  3 gnoll sergeants
  5 killer bees (D:9)
  A howler monkey (D:9)
  17 jellies
  A gnoll bouda (D:8)
  8 orc priests
  2 hounds (D:4)
  3 sleepcaps
  An iguana (D:5)
  Ijyb (D:3)
  14 orc wizards
  A mummy (D:10)
  11 gnolls
  4 adders
  A shadow imp (D:5)
  A white imp (D:6)
  An ufetubus (D:4)
  3 worms
  2 dart slugs
  41 orcs
  6 bats
  7 endoplasms
  A giant cockroach (D:1)
  7 goblins
  12 hobgoblins
  2 jackals (Sewer)
  12 kobolds
  10 quokkas
  8 ball pythons
  2 frilled lizards
  12 rats
379 creatures vanquished.

Vanquished Creatures (collateral kills)
  A wolf spider (Lair:5)
  A komodo dragon (Lair:1)
  A blink frog (Lair:2)
  2 yaks
  A wolf (Lair:5)
6 creatures vanquished.

Vanquished Creatures (others)
  40 fungi
  50 plants
  2 withered plants (D:4)
92 creatures vanquished.

Grand Total: 477 creatures vanquished

Notes
Turn   | Place    | Note
-------+----------+-------------------------------------------
     0 | D:1      | Dirtsage the Demonspawn Fighter began the quest for the
                  | Orb.
     0 | D:1      | Reached XP level 1. HP: 18/18 MP: 1/1
    32 | D:1      | Discovered your monstrous ancestry.
    32 | D:1      | Gained mutation: You have sharp fingernails. [demonic
                  | ancestry]
    32 | D:1      | Reached XP level 2. HP: 18/24 MP: 2/2
   218 | D:1      | Reached skill level 1 in Unarmed Combat
   521 | D:1      | Gained mutation: You have a pair of small horns on your
                  | head. [demonic ancestry]
   521 | D:1      | Reached XP level 3. HP: 29/29 MP: 3/3
   840 | D:2      | Reached skill level 2 in Unarmed Combat
  1309 | D:2      | Found a runed translucent door.
  1310 | D:2      | Noticed Crazy Yiuf
  1420 | D:2      | Reached XP level 4. HP: 28/35 MP: 4/4
  1717 | D:3      | Noticed Sigmund
  1727 | D:3      | Killed Sigmund
  1728 | D:3      | Reached skill level 4 in Unarmed Combat
  1728 | D:3      | Gained mutation: You have very sharp fingernails. [demonic
                  | ancestry]
  1728 | D:3      | Reached XP level 5. HP: 31/41 MP: 5/5
  1834 | D:3      | Got Nekisow's Codex of Crystallized Transfiguration
  1835 | D:3      | Noticed Ijyb
  1840 | D:3      | Paralysed by Ijyb for 3 turns
  1844 | D:3      | Killed Ijyb
  1845 | D:3      | Reached skill level 5 in Unarmed Combat
  1936 | D:3      | Gained mutation: You sometimes gain a little power by
                  | taking damage. [demonic ancestry]
  1936 | D:3      | Reached XP level 6. HP: 43/47 MP: 6/6
  2028 | D:3      | Found a glowing drain.
  2061 | Sewer    | Entered a sewer
  2744 | D:4      | Reached skill level 6 in Unarmed Combat
  2963 | D:4      | Reached XP level 7. HP: 41/52 MP: 7/7
  3235 | D:4      | Found a runed translucent door.
  3238 | D:4      | Noticed Reshi88's ghost (novice FoFi)
  3455 | D:4      | Found a hazy altar of Hepliaklqana.
  3455 | D:4      | Found an iron altar of Okawaru.
  3670 | D:5      | Entered Level 5 of the Dungeon
  3675 | D:5      | Found a staircase to the Ecumenical Temple.
  3814 | D:5      | Reached skill level 7 in Unarmed Combat
  3878 | Temple   | Entered the Ecumenical Temple
  3949 | Temple   | Became a worshipper of Makhleb the Destroyer
  3985 | D:5      | Noticed a yak
  3985 | D:5      | Noticed a yak
  3985 | D:5      | Noticed a yak
  3985 | D:5      | Noticed a yak
  3987 | D:5      | Noticed a yak
  4005 | D:4      | Killed a yak
  4288 | D:4      | Found a stormy altar of Qazlal.
  4327 | D:5      | Killed a yak
  4328 | D:5      | Gained mutation: You have a pair of horns on your head.
                  | [demonic ancestry]
  4328 | D:5      | Reached XP level 8. HP: 51/60 MP: 8/8
  4333 | D:5      | Reached skill level 8 in Unarmed Combat
  4345 | D:5      | Reached skill level 5 in Fighting
  4832 | D:6      | Reached skill level 9 in Unarmed Combat
  5039 | D:6      | Noticed Maggie
  5056 | D:6      | Killed Maggie
  5057 | D:6      | Gained mutation: A weak demonic guardian rushes to your
                  | aid. [demonic ancestry]
  5057 | D:6      | Reached XP level 9. HP: 64/69 MP: 9/9
  5123 | D:6      | Reached * piety under Makhleb
  5329 | D:6      | Noticed Pikel
  5337 | D:6      | Killed Pikel
  5338 | D:6      | Reached skill level 10 in Unarmed Combat
  6042 | D:7      | Reached skill level 1 in Dodging
  6203 | D:8      | Found a staircase to the Lair.
  6475 | D:8      | Gained mutation: You have large cloven feet. [demonic
                  | ancestry]
  6475 | D:8      | Reached XP level 10. HP: 79/79 MP: 10/10
  6676 | D:8      | Reached ** piety under Makhleb
  7282 | D:9      | Reached skill level 11 in Unarmed Combat
  7288 | D:9      | Reached skill level 1 in Transmutations
  7288 | D:9      | Reached skill level 1 in Earth Magic
  7954 | D:10     | Entered Level 10 of the Dungeon
  7973 | D:10     | Noticed Urug
  7986 | D:10     | Killed Urug
  8075 | D:10     | Noticed Erolcha
  8082 | D:10     | Killed Erolcha
  8094 | D:10     | Reached XP level 11. HP: 60/86 MP: 11/11
  8194 | D:10     | Found a staircase to the Orcish Mines.
  8229 | D:10     | Reached *** piety under Makhleb
  8242 | D:10     | Reached skill level 5 in Shields
  8298 | D:10     | Noticed Maurice
  8304 | D:10     | Killed Maurice
  8305 | D:10     | Reached skill level 5 in Armour
  8417 | D:10     | Found a snail-covered altar of Cheibriados.
  8939 | Orc:1    | Entered Level 1 of the Orcish Mines
  8950 | Orc:1    | Reached **** piety under Makhleb
  9049 | Lair:1   | Entered Level 1 of the Lair of Beasts
  9274 | Lair:1   | Reached skill level 12 in Unarmed Combat
  9577 | Lair:1   | Reached skill level 1 in Invocations
 10324 | Lair:2   | Gained mutation: You have hoof-like feet. [demonic
                  | ancestry]
 10324 | Lair:2   | Reached XP level 12. HP: 81/94 MP: 14/14
 10542 | Lair:2   | Reached skill level 5 in Dodging
 10617 | Lair:2   | Found a hole to the Spider Nest.
 11128 | Lair:3   | Noticed a four-headed hydra
 11138 | Lair:3   | Reached skill level 5 in Invocations
 12226 | Lair:3   | Killed a four-headed hydra
 12235 | Lair:3   | Reached ***** piety under Makhleb
 12821 | Lair:3   | Found a staircase to the Swamp.
 13106 | Lair:4   | Identified the +7 plate armour of Pantheism {rN+ Str+2
                  | Dex+6 Slay-4}
 13518 | Lair:4   | Noticed a six-headed hydra
 13525 | Lair:4   | Killed a six-headed hydra
 13526 | Lair:4   | Reached skill level 13 in Unarmed Combat
 13526 | Lair:4   | Reached skill level 5 in Earth Magic
 13968 | Lair:5   | Entered Level 5 of the Lair of Beasts
 14014 | Lair:5   | Reached XP level 13. HP: 98/101 MP: 18/18
 14067 | Lair:5   | Reached skill level 5 in Transmutations
 14110 | Lair:5   | Found a staircase to the Slime Pits.
 14117 | Lair:5   | Found a viscous altar of Jiyva.
 14685 | Lair:5   | Slain by a yak

Illustrated notes

Levels and vault maps discovered:
D:1:      lemuel_arrival_rhombus, layout_basic, chequers_avenue
D:2:      cheibrodos_old_hovel, layout_loops_cross, minmay_tromino_v4_c,
          uniq_crazy_yiuf_cottage
D:3:      layout_loops_ring, portal_sewer_entry_f, uniq_sigmund, uniq_ijyb
D:4:      layout_cave_pools, nicolae_overflow_hidden_temple,
          gammafunk_ghost_grave, minmay_box_of_dots
D:5:      layout_cave_pools, minmay_temple_entry_offerings
D:6:      layout_basic, uniq_pikel, uniq_maggie
D:7:      layout_rooms
D:8:      layout_gridville, due_lair_maze_entry_diamond,
          grunt_decor_mini_mirrors, minivault_24
D:9:      layout_roguey, minmay_misc_feat_ornament, minmay_increasing_density
D:10:     layout_basic, slow_altar_2, kennysheep_orc_monster_closet_entryway,
          uniq_maurice, uniq_erolcha, uniq_urug
Temple:   regret_index_temple_mists
Lair:1:   layout_roguey, ldierk_geyser, lemuel_fruit_fields
Lair:2:   layout_hall_layers, spider_nest_entry_rubble
Lair:3:   layout_hall_layers, swamp_mist, nicolae_volcano_entry_s_turn,
          grunt_megastairs_1
Lair:4:   layout_roguey, st_stairs_12, lemuel_fruit_fields
Lair:5:   evilmike_catoblepas_cave, layout_gridlike,
          minmay_slime_entry_jelly_boxes, nicolae_lair_run_with_the_wolves
Orc:1:    dreamdust_wu_jian_sword_trials, layout_diamond_mine,
          gammafunk_ghost_necromancy

Skill      XL: |  1  2  3  4  5  6  7  8  9 10 11 12 13 |
---------------+----------------------------------------+-----
Axes           | 2 |  2.5
Unarmed Combat | 1 2 4 5 6 7 9 10 11 12 13 | 13.2
Fighting       | 4 5 7 8 9 |  9.6
Armour         | 3 4 5 6 |  6.8
Dodging        | 2 3 4 5 6 |  6.0
Shields        | 3 4 5 6 |  6.8
Transmutations | 2 3 4 5 |  5.3
Earth Magic    | 2 3 5 |  5.4
Invocations    | 3 7 8 |  8.2

Action                     |  1- 3 |  4- 6 |  7- 9 | 10-12 | 13-15 || total
---------------------------+-------+-------+-------+-------+-------++-------
  Melee: War axe           |    13 |       |       |       |       ||    13
         Unarmed           |   155 |   137 |   247 |   682 |   140 ||  1361
         Headbutt          |     5 |    20 |    54 |   148 |    40 ||   267
         Kick              |       |       |       |   233 |    48 ||   281
  Throw: Dart              |       |       |       |     2 |       ||     2
 Invoke: Lesser Servant of |       |       |       |       |     1 ||     1
  Evoke: Wand              |       |       |     2 |     2 |     1 ||     5
    Use: Potion            |       |     1 |     2 |     2 |     2 ||     7
         Scroll            |       |       |     5 |       |       ||     5
   Stab: Paralysed         |       |       |     4 |     2 |       ||     6
         Sleeping          |       |       |     3 |       |       ||     3
 Armour: Scale mail        |    71 |    40 |    39 |       |       ||   150
         Steam dragon scal |       |       |    42 |   199 |    51 ||   292
  Dodge: Dodged            |    71 |    46 |   126 |   296 |   103 ||   642
  Block: Buckler           |    37 |    28 |    57 |   151 |    45 ||   318

Table legend: (Time is in decaauts)
 A = Elapsed time spent in this place.
 B = Non-inter-level travel time spent in this place.
 C = Inter-level travel time spent in this place.
 D = Time resting spent in this place.
 E = Time spent auto-exploring this place.
 F = Levels seen in this place.
 G = Mean time per level.
                   A        B        C        D        E       F      G
               +--------+--------+--------+--------+--------+-----+--------+
         Total |  14555 |  14027 |    528 |   1603 |   9546 |  18 |  808.6 |
       Dungeon |   8497 |   8113 |    384 |    469 |   6015 |  10 |  849.7 |
        Temple |    105 |     95 |     10 |      0 |     67 |   1 |  105.0 |
          Lair |   5531 |   5398 |    133 |    909 |   3355 |   5 | 1106.2 |
  Orcish Mines |     21 |     21 |      0 |      0 |      0 |   1 |   21.0 |
         Sewer |    399 |    399 |      0 |    225 |    108 |   1 |  399.0 |
               +--------+--------+--------+--------+--------+-----+--------+

Top non-repeatable levels by time:
  Lair:3: 1671 daAuts
  Lair:2: 1408 daAuts
     D:4: 1363 daAuts
    D:10: 1027 daAuts
     D:2: 959 daAuts
  Lair:1: 904 daAuts
  Lair:4: 862 daAuts
     D:9: 822 daAuts
     D:6: 813 daAuts
     D:8: 800 daAuts
     D:1: 756 daAuts
  Lair:5: 685 daAuts
     D:7: 663 daAuts
     D:5: 647 daAuts
     D:3: 641 daAuts
